 Seeded DCSS version 0.29-a0-371-g91724d5b39 (webtiles) character file.

Game seed: 10062853869653397346 (custom seed)

620 croobank the Shield-Bearer (level 7, -11/62 HPs)
             Began as a Minotaur Fighter on May 2, 2022.
             Killed from afar by Ijyb (19 damage)
             ... with a bolt of acid
             ... on level 5 of the Dungeon.
             The game lasted 00:07:56 (2932 turns).

croobank the Shield-Bearer (Minotaur Fighter)       Turns: 2932, Time: 00:07:57

Health: -11/62     AC:  7    Str: 22    XL:     7   Next: 22%
Magic:  6/6        EV:  8    Int: 11    God:
Gold:   312        SH:  0    Dex: 10    Spells: 6/6 levels left

rFire   . . .      SeeInvis .   J - +0 executioner's axe
rCold   . . .      Faith    .   (shield currently unavailable)
rNeg    . . .      Spirit   .   s - +0 chain mail
rPois   .          Reflect  .   (helmet restricted)
rElec   .          Harm     .   (no cloak)
rCorr   .          Rampage  .   (no gloves)
Will    .....                   z - +0 pair of boots
Stlth   ..........              p - amulet of the acrobat
HPRegen 0.20/turn               t - +6 ring of intelligence
MPRegen 0.10/turn               (no ring)

@: corroded
A: horns 2, retaliatory headbutt
a: no special abilities


You were on level 5 of the Dungeon.
You visited 1 branch of the dungeon, and saw 5 of its levels.

You collected 312 gold pieces.

Inventory:

Hand Weapons
 a - a +0 war axe
 o - a +2 dagger of venom
 E - a +0 shortbow of freezing
 J - a +0 executioner's axe (weapon)
Missiles
 f - 201 stones
 q - 2 throwing nets
 G - 5 atropa-tipped darts (quivered)
 I - 3 javelins
Armour
 b - a +0 scale mail
 c - a +0 buckler
 n - a +0 kite shield
 s - a +0 chain mail (worn)
 z - a +0 pair of boots (worn)
Jewellery
 p - an amulet of the acrobat (around neck)
 t - a +6 ring of intelligence (left hand)
Wands
 r - a wand of digging (4)
 A - a wand of mindburst (15)
Scrolls
 g - a scroll of amnesia {unknown}
 k - a scroll of fear {unknown}
 l - 2 scrolls of teleportation {unknown}
 v - a scroll of enchant armour {unknown}
 w - 6 scrolls of identify {unknown}
 x - 2 scrolls of vulnerability {unknown}
 y - a scroll of fog {unknown}
 B - a scroll of silence {unknown}
 H - a scroll of blinking {unknown}
 K - a scroll of magic mapping {unknown}
Potions
 d - 2 potions of might
 e - 2 potions of curing {unknown}
 h - 2 potions of berserk rage {unknown}
 i - 2 potions of flight {unknown}
 j - a potion of haste {unknown}
 m - a potion of heal wounds {unknown}
 u - a potion of attraction {unknown}
 C - a potion of degeneration {unknown}
 D - a potion of brilliance {unknown}
 F - a potion of cancellation {unknown}


   Skills:
 + Level 5.9 Fighting
 + Level 5.2 Axes
 + Level 5.9 Armour
 + Level 5.9 Shields


You had 6 spell levels left.
You didn't know any spells.
Your spell library contained the following spells:

 Spells                   Type           Power      Damage    Failure   Level
 Shock                    Conj/Air       0%         1d3       95%         1
 Ensorcelled Hibernation  Hex/Ice        0%         N/A       99%         2
 Passwall                 Tmut/Erth      0%         N/A       99%         2
 Swiftness                Air            0%         N/A       100%        3
 Airstrike                Air            0%         N/A       100%        4


Dungeon Overview and Level Annotations

Branches:
Dungeon (5/15)             Temple (0/1) D:5

Altars:
Yredelemnul

Shops:
D:5 *

Annotations:
D:5 Eustachio, Ijyb


Innate Abilities, Weirdness & Mutations

You have a pair of horns on your head.
You reflexively headbutt those who attack you in melee.


Message History

Eustachio calls on the powers of shadow!
Eustachio gestures wildly while chanting.
Ijyb hits you but does no damage.
You barely miss Ijyb. Ijyb hits you with a +0 dagger.
You closely miss Ijyb. Ijyb hits you with a +0 dagger.
Eustachio mumbles some strange words.
Eustachio blinks!
Ijyb hits you with a +0 dagger.
The quokka bites you but does no damage.
You closely miss Ijyb. You barely miss the quokka.
Eustachio gestures wildly while chanting.
Eustachio blinks!
Ijyb completely misses you. The quokka bites you.
You barely miss Ijyb. You barely miss the quokka. The quokka barely misses you.
Ijyb misses you. The quokka closely misses you. You furiously retaliate!
You headbutt the quokka!
You kill the quokka!
The quokka's corpse disappears in a puff of smoke!
Eustachio hits you but does no damage. Ijyb hits you but does no damage.
You barely miss Ijyb. You barely miss Eustachio.
Ijyb hits you but does no damage.
Eustachio gestures wildly while chanting.
Eustachio blinks!
Eustachio casts a spell.
Eustachio blinks!
Ijyb hits you but does no damage.
You hit Ijyb.
Ijyb is lightly wounded.
Ijyb zaps a wand.
The bolt of acid misses you.
Eustachio gestures wildly while chanting.
Eustachio blinks!
You hit Ijyb but do no damage.
Ijyb is lightly wounded.
Ijyb hits you but does no damage. x2
You closely miss Ijyb. You headbutt Ijyb.
Ijyb is lightly wounded.
Ijyb zaps a wand.
The bolt of acid hits you!!
Ouch! That really hurt!
* * * LOW HITPOINT WARNING * * *
The acid corrodes you!
Eustachio gestures wildly while chanting. x2
Eustachio blinks!
Ijyb zaps a wand.
The bolt of acid hits you!!
You die...

#.@##.. § #+##.....
§§#.....#.## .
§§§.....#... ##..
§......§...#.....#
......r..#.#.##.. .....
#..!).r#......##.#..#.
#...g@...##.>....#....
#.....##......##....#.
###......).#.##....##.#.
........##.#....##....#.
######........#.....#.#.
#..##.##.#..##.#...
##...............##
######....#..##.##
####.#.....#


You could see Eustachio, Ijyb and 2 river rats.

Vanquished Creatures
  An ice beast (D:3)
  A centaur (D:5)
  2 scorpions
  An orc priest (D:4)
  2 orc wizards (D:5)
  2 iguanas (D:4)
  7 gnolls
  4 adders
  A shadow imp (D:3)
  2 worms
  2 dart slugs
  6 orcs
  6 bats
  4 endoplasms
  4 giant cockroaches
  7 goblins
  6 hobgoblins
  3 jackals (D:5)
  8 kobolds
  4 quokkas
  8 ball pythons
  3 frilled lizards
  3 rats
87 creatures vanquished.

Notes
Turn   | Place    | Note
-------+----------+-------------------------------------------
     0 | D:1      | croobank the Minotaur Fighter began the quest for the Orb.
     0 | D:1      | Reached XP level 1. HP: 19/19 MP: 0/0
   125 | D:1      | Reached XP level 2. HP: 25/27 MP: 1/1
   653 | D:2      | Reached XP level 3. HP: 33/33 MP: 2/2
   690 | D:2      | Found a faded altar of an unknown god.
  1253 | D:3      | Noticed an ice beast
  1271 | D:3      | Killed an ice beast
  1272 | D:3      | Reached XP level 4. HP: 14/41 MP: 3/3
  1272 | D:3      | Reached XP level 5. HP: 16/47 MP: 4/4
  1979 | D:3      | Found a basalt altar of Yredelemnul.
  2170 | D:4      | Reached skill level 5 in Fighting
  2170 | D:4      | Reached skill level 5 in Armour
  2170 | D:4      | Reached skill level 5 in Shields
  2170 | D:4      | Reached XP level 6. HP: 56/56 MP: 5/5
  2683 | D:5      | Entered Level 5 of the Dungeon
  2779 | D:5      | Found Wyse's General Store.
  2810 | D:5      | Reached skill level 5 in Axes
  2810 | D:5      | Reached XP level 7. HP: 57/62 MP: 6/6
  2889 | D:5      | Found a staircase to the Ecumenical Temple.
  2920 | D:5      | Noticed Ijyb
  2923 | D:5      | Noticed Eustachio
  2932 | D:5      | Killed from afar by Ijyb

Illustrated notes

Levels and vault maps discovered:
D:1:      dpeg_arrival_pits, layout_loops_ring
D:2:      layout_rooms, basic_ecumenical_altar
D:3:      layout_loops_ring, yredelemnul_altar_generic, minmay_misc_feat_alley
D:4:      layout_rooms
D:5:      layout_basic, nicolae_dithmenos_the_darkroom,
          minmay_temple_entry_ruins, serial_shops, nicolae_shop_stone,
          uniq_ijyb, uniq_eustachio

Skill      XL: |  1  2  3  4  5  6 |
---------------+-------------------+-----
Armour         | 4 5 |  5.9
Shields        | 4 5 |  5.9
Fighting       | 4 5 |  5.9
Axes           | 3 4 5 |  5.2

Action                   |  1- 3 |  4- 6 |  7- 9 || total
-------------------------+-------+-------+-------++-------
Melee: War axe           |    67 |    87 |     6 ||   160
       Headbutt          |     8 |    16 |     4 ||    28
       Executioner's axe |       |       |    13 ||    13
Evoke: Wand              |       |     1 |       ||     1
Armor: Scale mail        |    18 |       |       ||    18
       Chain mail        |     9 |    38 |    16 ||    63
Dodge: Dodged            |    40 |    36 |    17 ||    93
Block: Buckler           |     8 |       |       ||     8
       Kite shield       |     8 |    48 |     1 ||    57

Table legend: (Time is in decaauts)
 A = Elapsed time spent in this place.
 B = Non-inter-level travel time spent in this place.
 C = Inter-level travel time spent in this place.
 D = Time resting spent in this place.
 E = Time spent auto-exploring this place.
 F = Levels seen in this place.
 G = Mean time per level.
                   A        B        C        D        E       F      G
               +--------+--------+--------+--------+--------+-----+--------+
         Total |   3008 |   2918 |     90 |    212 |   1950 |   5 |  601.6 |
       Dungeon |   3008 |   2918 |     90 |    212 |   1950 |   5 |  601.6 |
               +--------+--------+--------+--------+--------+-----+--------+

Top non-repeatable levels by time:
     D:3: 919 daAuts
     D:1: 659 daAuts
     D:2: 607 daAuts
     D:4: 559 daAuts
     D:5: 262 daAuts
